 Dungeon Crawl Stone Soup version 0.26-a0-1033-gd598b01645 (webtiles) character file.

Game seed: 6648486082656314497

3650 pablito the Insei (level 10, -7/66 HPs)
             Began as an Octopode Transmuter on Dec 10, 2020.
             Was a Priest of Dithmenos.
             Mangled by Gastronok (28 damage)
             ... on level 8 of the Dungeon.
             The game lasted 00:26:02 (10689 turns).

pablito the Insei (Octopode Transmuter)            Turns: 10689, Time: 00:26:02

Health: -7/66      AC:  2    Str: 10    XL:     10   Next: 12%
Magic:  15/17      EV: 24    Int: 16    God:    Dithmenos [***...]
Gold:   0          SH:  0    Dex: 20    Spells: 9/19 levels left

rFire    . . .     SeeInvis .     - Unarmed
rCold    . . .     Faith    .   (shield currently unavailable)
rNeg     . . .     Spirit   .   (helmet currently unavailable)
rPois    x         Reflect  .   (no amulet)
rElec    .         Harm     .   f - ring of flight
rCorr    .         Rampage  .   (no ring)
Will     .....                  (no ring)
Stlth    +++.......             (no ring)
HPRegen  0.21/turn              (no ring)
MPRegen  0.15/turn              (no ring)
                                (no ring)
                                (no ring)

@: spider-form, wreathed by umbra
A: tiny, almost no armour, stealthy swim, (amphibious), 8 rings, (constrict 8),
screaming 1
a: End Transformation, Shadow Step, Renounce Religion, Evoke Flight


You were on level 8 of the Dungeon.
You worshipped Dithmenos.
Dithmenos was most pleased with you.
You were a venomous arachnid creature.
You visited 2 branches of the dungeon, and saw 9 of its levels.
You also visited: Ossuary.

Inventory:

Missiles
 a - 17 poisoned darts (quivered)
Armour
 c - a +0 buckler (melded)
Jewellery
 f - a ring of flight (left front leg)
Wands
 j - a wand of random effects (9)
Scrolls
 b - 6 scrolls of remove curse
 o - a scroll of enchant weapon
 p - 2 scrolls of identify
Potions
 e - 6 potions of curing
 g - a potion of resistance
 h - 2 potions of flight
 i - a potion of attraction
 k - 2 potions of invisibility
 l - a potion of ambrosia
 m - a potion of cancellation


   Skills:
 + Level 5.0 Fighting
 + Level 5.2 Dodging
 + Level 2.1 Stealth
 + Level 3.5 Shields
 * Level 7.9 Unarmed Combat
 + Level 5.0 Spellcasting
 * Level 7.5 Transmutations
 + Level 1.9 Poison Magic


You had 9 spell levels left.
You knew the following spells:

 Your Spells              Type           Power        Failure   Level
a - Wereblood             Tmut           ####....     5%          2
b - Spider Form           Tmut/Pois      ###.......   19%         3
c - Blade Hands           Tmut           ####......   38%         5

Your spell library contained the following spells:

 Spells                   Type           Power        Failure   Level
 Beastly Appendage        Tmut           ####..       4%          1
 Magic Dart               Conj           #...         34%         1
 Blink                    Tloc           N/A          43%         2
 Call Imp                 Summ           #.......     43%         2
 Slow                     Hex            #.......     43%         2
 Ice Form                 Ice/Tmut       ###.....     54%         4
 Mephitic Cloud           Conj/Pois/Air  #.......     56%         3
 Conjure Flame            Conj/Fire      #.......     63%         3


Dungeon Overview and Level Annotations

Branches:
Dungeon (8/15)             Temple (1/1) D:4         Ossuary (visited)
   Lair: D:8-11

Altars:
Ashenzari
Cheibriados
Dithmenos
Elyvilon
Gozag
Hepliaklqana
Makhleb
Nemelex Xobeh
Okawaru
Qazlal
Ru
Sif Muna
Trog
Uskayaw
Vehumet
Wu Jian
Xom
Yredelemnul
Zin
The Shining One

Shops:
D:4 (

Annotations:
D:8 1 runed translucent door, Gastronok


Innate Abilities, Weirdness & Mutations

You cannot wear most types of armour.
You are very stealthy in the water. (Stealth+)
((You are amphibious.))
You can wear up to eight rings at the same time.
((You can use your tentacles to constrict eight enemies at once.))
((Your skin changes colour to match your surroundings (Stealth+).))
((Your rubbery body absorbs attacks. (AC +1, EV +1)))
You occasionally shout uncontrollably at your foes.


Message History

Gastronok casts a spell.
You feel a sudden urge to swivel your nonexistent eyestalks around.
You hit Gastronok.
Gastronok looks as sick as possible!
Gastronok is moderately wounded.
You hit Gastronok but do no damage.
Gastronok looks as sick as possible!
Gastronok is moderately wounded.
Gastronok bites you!!
You hit Gastronok.
Gastronok looks as sick as possible!
Gastronok is moderately wounded.
You hit Gastronok but do no damage.
Gastronok looks as sick as possible!
Gastronok is moderately wounded.
You bite Gastronok!
Gastronok is heavily wounded.
Gastronok barely misses you.
You bite Gastronok!
Gastronok looks as sick as possible!
Gastronok is heavily wounded.
You bite Gastronok!
Gastronok looks as sick as possible!
Gastronok is heavily wounded.
Gastronok bites you!!
You die...

.........
...##.#.################
.......................#
#...........#########.#
#...........# #.#
#.<.........# #..
#....#)###### ##. #...
#w# #. #.. #s# ## ## #.#
.#####. ... .......
.#.## .#...## ....# #...
## ### #.. #. ##


You could see Gastronok (swift, extremely poisoned).

Vanquished Creatures
  Psyche (D:8)
  Maurice (D:8)
  Maggie (D:7)
  Grinder (D:5)
  Sigmund (D:6)
  Edmund (D:6)
  Purgy (D:4)
  4 ice beasts
  A black bear (D:7)
  A necrophage (D:6)
  A sky beast (D:6)
  3 centaurs
  An elf zombie (Ossuary)
  2 scorpions
  4 wights (D:6)
  A centaur zombie (Ossuary)
  2 human zombies (Ossuary)
  2 orc priests
  3 hounds
  2 jellies
  2 orc wizards
  A bullfrog skeleton (D:6)
  An iguana (D:5)
  7 worker ants
  3 mummies
  A worker ant zombie (D:8)
  7 adders
  11 gnolls
  A howler monkey skeleton (D:7)
  A shadow imp (D:7)
  A white imp (D:7)
  An ooze (D:1)
  An ufetubus (D:8)
  An adder zombie (Ossuary)
  An adder skeleton (D:6)
  2 worms
  6 dart slugs
  3 leopard geckos
  10 orcs
  7 giant cockroaches
  6 goblins
  6 hobgoblins
  3 jackals (D:1)
  5 kobolds
  5 quokkas
  A ball python skeleton (D:6)
  6 bats
  2 frilled lizards (D:5)
  2 goblin zombies (D:7)
  9 hobgoblin zombies (Ossuary)
  2 jackal zombies
  13 kobold zombies (Ossuary)
  8 orc zombies (Ossuary)
  5 rats
  A rat zombie (Ossuary)
176 creatures vanquished.

Vanquished Creatures (others)
  An orc wizard (D:5)
  5 plants
6 creatures vanquished.

Grand Total: 182 creatures vanquished

Notes
Turn   | Place    | Note
-------+----------+-------------------------------------------
     0 | D:1      | pablito the Octopode Transmuter began the quest for the
                  | Orb.
     0 | D:1      | Reached XP level 1. HP: 13/13 MP: 3/3
    55 | D:1      | Reached XP level 2. HP: 5/18 MP: 1/5
   372 | D:1      | Reached XP level 3. HP: 23/23 MP: 4/6
  1409 | D:2      | Reached XP level 4. HP: 29/29 MP: 7/7
  2003 | D:2      | Learned a level 3 spell: Spider Form
  2395 | D:3      | Reached XP level 5. HP: 22/34 MP: 4/8
  2505 | D:3      | Found a burning altar of Makhleb.
  2505 | D:3      | Found a white marble altar of Elyvilon.
  2506 | D:3      | Found a hazy altar of Hepliaklqana.
  2506 | D:3      | Found a hide-covered altar of Uskayaw.
  3361 | D:4      | Noticed Purgy
  3370 | D:4      | Killed Purgy
  3371 | D:4      | Reached XP level 6. HP: 35/40 MP: 5/10
  4051 | D:4      | Found a staircase to the Ecumenical Temple.
  4063 | Temple   | Entered the Ecumenical Temple
  4248 | Temple   | Became a worshipper of Dithmenos the Shadowed
  4275 | D:4      | Found Ellyhodu's Weapon Emporium.
  4283 | D:4      | Reached XP level 7. HP: 39/45 MP: 7/11
  4736 | D:5      | Entered Level 5 of the Dungeon
  4820 | D:5      | Reached skill level 5 in Unarmed Combat
  5102 | D:5      | Learned a level 5 spell: Blade Hands
  5252 | D:5      | Noticed Grinder
  5263 | D:5      | Killed Grinder
  5450 | D:5      | Gained mutation: You occasionally shout uncontrollably at
                  | your foes. [mutagenic glow]
  5451 | D:5      | Reached skill level 5 in Transmutations
  5451 | D:5      | Reached XP level 8. HP: 25/52 MP: 2/13
  5789 | D:5      | Found a snail-covered altar of Cheibriados.
  6083 | D:5      | Found a basalt altar of Yredelemnul.
  6191 | D:6      | Noticed Sigmund
  6204 | D:6      | Killed Sigmund
  6205 | D:6      | Reached skill level 1 in Shields
  6236 | D:6      | Reached * piety under Dithmenos
  6637 | D:6      | Found a glowing silver altar of Zin.
  6638 | D:6      | Found a stormy altar of Qazlal.
  6639 | D:6      | Found a sacrificial altar of Ru.
  6646 | D:6      | Noticed Edmund
  6664 | D:6      | Killed Edmund
  6836 | D:6      | Reached XP level 9. HP: 48/57 MP: 12/15
  8141 | D:7      | Found a snail-covered altar of Cheibriados.
  8279 | D:7      | Noticed Maggie
  8296 | D:7      | Killed Maggie
  8296 | D:7      | Reached ** piety under Dithmenos
  8557 | D:7      | Found a sand-covered staircase.
  8565 | Ossuary  | Entered an ossuary
  9214 | D:7      | Reached *** piety under Dithmenos
  9862 | D:7      | Learned a level 2 spell: Wereblood
 10289 | D:8      | Found a runed translucent door.
 10289 | D:8      | Found a white marble altar of Elyvilon.
 10289 | D:8      | Noticed an angel
 10293 | D:8      | Noticed Psyche
 10301 | D:8      | Paralysed by Psyche for 4 turns
 10312 | D:8      | Killed Psyche
 10313 | D:8      | Reached skill level 5 in Dodging
 10313 | D:8      | Reached skill level 1 in Stealth
 10313 | D:8      | Reached skill level 1 in Poison Magic
 10380 | D:8      | Reached XP level 10. HP: 52/65 MP: 14/17
 10648 | D:8      | Noticed Maurice
 10656 | D:8      | Noticed Gastronok
 10678 | D:8      | Killed Maurice
 10678 | D:8      | HP: 5/65 [Gastronok/the air (25)]
 10679 | D:8      | Reached skill level 5 in Fighting
 10679 | D:8      | Reached skill level 5 in Spellcasting
 10689 | D:8      | Mangled by Gastronok

Illustrated notes

Levels and vault maps discovered:
D:1:      lemuel_arrival_broad_hall, layout_loops_ring
D:2:      layout_loops_ring
D:3:      layout_loops_corners, chequers_temple_overflow_statue_of_worship,
          lemuel_flame_loot_1
D:4:      layout_loops_ring, temple_green, serial_shops,
          nicolae_shop_waterfront, uniq_purgy
D:5:      layout_loops_ring, kennysheep_slug_shrine, serial_bayou,
          serial_bayou_pond_a, serial_bayou_shore_b, serial_bayou_pond_c,
          serial_bayou_pond_e, serial_bayou_ford_a, hangedman_decor_opposing,
          grunt_ministairs_4, yredelemnul_altar_generic, uniq_grinder
D:6:      layout_cave_pods, gammafunk_temple_overflow_forgotten,
          kennysheep_generic_room_12, uniq_edmund, uniq_sigmund
D:7:      layout_basic, basic_altar, nicolae_ossuary_entry_giza, uniq_maggie
D:8:      layout_basic, lemuel_angel_altar, uniq_gastronok, uniq_psyche,
          uniq_maurice
Temple:   minmay_temple_bridge_abc

Skill      XL: |  1  2  3  4  5  6  7  8  9 10 |
---------------+-------------------------------+-----
Transmutations | 3 4 5 6 7 |  7.5
Unarmed Combat | 4 5 6 7 |  7.9
Fighting       | 2 3 4 5 |  5.0
Dodging        | 3 4 5 |  5.2
Spellcasting   | 3 4 5 |  5.0
Shields        | 1 3 |  3.5
Stealth        | 1 2 |  2.1
Poison Magic   | 1 |  1.9

Action                   |  1- 3 |  4- 6 |  7- 9 | 10-12 || total
-------------------------+-------+-------+-------+-------++-------
Melee: Unarmed           |    56 |    75 |   363 |    30 ||   524
       Constrict         |    18 |    17 |    25 |       ||    60
       Tentacles         |     9 |    10 |    25 |     1 ||    45
       Kick              |     7 |     3 |     2 |       ||    12
       Punch             |       |     4 |     7 |       ||    11
Throw: Dart              |    14 |    93 |    28 |     1 ||   136
 Cast: Beastly Appendage |     8 |     2 |     1 |       ||    11
       Spider Form       |       |     5 |    28 |     3 ||    36
       Blade Hands       |       |       |     2 |       ||     2
  Use: Scroll            |       |       |    15 |       ||    15
       Potion            |       |       |     4 |     1 ||     5
 Stab: Sleeping          |     1 |     1 |     8 |       ||    10
Armor: Skin              |     4 |     2 |     8 |       ||    14
Dodge: Dodged            |    45 |    63 |   393 |    14 ||   515
Block: Buckler           |       |       |    10 |       ||    10

Table legend: (Time is in decaauts)
 A = Elapsed time spent in this place.
 B = Non-inter-level travel time spent in this place.
 C = Inter-level travel time spent in this place.
 D = Time resting spent in this place.
 E = Time spent auto-exploring this place.
 F = Levels seen in this place.
 G = Mean time per level.
                   A        B        C        D        E       F      G
               +--------+--------+--------+--------+--------+-----+--------+
         Total |  10642 |  10313 |    329 |    759 |   8122 |  10 | 1064.2 |
       Dungeon |  10011 |   9702 |    309 |    749 |   7749 |   8 | 1251.4 |
        Temple |    205 |    185 |     20 |      0 |    134 |   1 |  205.0 |
       Ossuary |    425 |    425 |      0 |     10 |    239 |   1 |  425.0 |
               +--------+--------+--------+--------+--------+-----+--------+

Top non-repeatable levels by time:
     D:6: 2121 daAuts
     D:7: 1505 daAuts
     D:5: 1432 daAuts
     D:2: 1371 daAuts
     D:4: 1178 daAuts
     D:3: 989 daAuts
     D:1: 981 daAuts
     D:8: 431 daAuts
 Ossuary: 425 daAuts
  Temple: 205 daAuts
